 Dungeon Crawl Stone Soup version 0.23.0 (webtiles) character file.

Game seed: 14980570999951817087

653 OdinFK the Chopper (level 7, -6/58 (61) HPs)
             Began as a Hill Orc Fighter on Feb 19, 2019.
             Mangled by an ogre
             ... wielding a +0 giant spiked club
              (29 damage)
             ... on level 5 of the Dungeon.
             The game lasted 00:13:49 (4202 turns).

OdinFK the Chopper (Hill Orc Fighter)               Turns: 4202, Time: 00:13:49

HP:   -6/58 (61)    AC:  8    Str: 21    XL:     7   Next: 54%
MP:   7/7           EV:  2    Int:  8    God:
Gold: 229           SH:  0    Dex: -2 (10) Spells: 6/6 levels left

rFire    . . .     SeeInvis .   a - +0 war axe
rCold    . . .     Gourm    .   c - +0 shield
rNeg     . . .     Faith    .   b - +0 scale mail
rPois    .         Spirit   .   o - +0 helmet
rElec    .         Reflect  .   (no cloak)
rCorr    .         Harm     .   (no gloves)
MR       .....                  (no boots)
Stlth    ..........             (no amulet)
HPRegen  0.19/turn              (no ring)
MPRegen  0.10/turn              (no ring)

@: slowed, lost dexterity, very slow
A: no striking features
a: no special abilities


You were on level 5 of the Dungeon.
You were not hungry.

You visited 1 branch of the dungeon, and saw 5 of its levels.

You collected 229 gold pieces.

Inventory:

Hand Weapons
 a - a +0 war axe (weapon)
Missiles
 w - 3 steel tomahawks (quivered)
 x - 2 poisoned tomahawks
Armour
 b - a +0 scale mail (worn)
 c - a +0 shield (worn)
 o - a +0 helmet (worn)
 y - a +1 hat
Scrolls
 e - 2 scrolls of enchant armour {unknown}
 g - 2 scrolls of identify
 h - a scroll of noise
 j - 3 scrolls of remove curse
 m - 2 scrolls of teleportation {unknown}
 p - a scroll of amnesia {unknown}
 q - a scroll of enchant weapon {unknown}
 r - 2 scrolls of random uselessness {unknown}
 s - a scroll of fog {unknown}
 t - 2 scrolls of immolation {unknown}
 v - a scroll of fear {unknown}
Potions
 d - 5 potions of might
 i - 2 potions of berserk rage {unknown}
 k - 2 potions of curing {unknown}
 l - 4 potions of lignification
 n - 2 potions of haste {unknown}
 u - a potion of mutation
 z - a potion of brilliance {unknown}
Comestibles
 f - 18 rations
 A - 11 chunks of flesh


   Skills:
 + Level 5.3 Fighting
 + Level 7.1 Axes
 + Level 0.7 Throwing
 + Level 5.3 Armour
 + Level 4.9 Shields


You had 6 spell levels left.
You didn't know any spells.
Your spell library was empty.

Dungeon Overview and Level Annotations

Branches:
Dungeon (5/15)             Temple (0/1) D:4

Altars:
Fedhas
Kikubaaqudgha
Nemelex Xobeh
Qazlal
Ru
Yredelemnul

Annotations:
D:3 Grinder


Message History

Okay, then.
Butcher an orc corpse? [(y)es/(n)o/(a)ll/(q)uit/?]
You butcher the orc corpse. x3
A - 4 chunks of flesh;
A - 8 chunks of flesh (gained 4)
A - 12 chunks of flesh (gained 4)
Items here: )))) [ รทรทรท Unknown command.
You start resting.
Eating one of 12 chunks of flesh.
You eat one of the 12 chunks of flesh.
This raw flesh tastes terrible.
An ogre comes into view. It is wielding a +0 giant spiked club.
The ogre shouts!
You hit the ogre.
The ogre is lightly wounded.
The ogre hits you with a +0 giant spiked club!!
You slash the ogre!
The ogre is heavily wounded.
The ogre hits you with a +0 giant spiked club!!
Ouch! That really hurt!
You die...

.... ...# ..# ..#
#.#
..#####.#######
...............
#.#####)##.####
#@# #O# #.# #.#
#.# #.# #.# .#
#.##.####
..##.####.......#


You could see an ogre.

Vanquished Creatures
  A necrophage (D:2)
  An ogre (D:4)
  A scorpion (D:4)
  A quasit (D:4)
  A hound (D:4)
  An orc wizard (D:4)
  5 worker ants (D:4)
  A howler monkey zombie (D:5)
  Robin (D:2)
  3 gnolls (D:3)
  4 adders
  An ooze (D:5)
  2 adder skeletons (D:4)
  8 worms
  2 leopard geckos
  9 orcs
  A giant cockroach (D:3)
  20 goblins
  6 hobgoblins
  9 jackals
  9 bats
  6 frilled lizards
  10 kobolds
  6 rats
109 creatures vanquished.

Notes
Turn   | Place    | Note
-------+----------+-------------------------------------------
     0 | D:1      | OdinFK the Hill Orc Fighter began the quest for the Orb.
     0 | D:1      | Reached XP level 1. HP: 19/19 MP: 1/1
   210 | D:1      | Reached XP level 2. HP: 18/27 MP: 2/2
   784 | D:2      | Found a sparkling altar of Nemelex Xobeh.
   784 | D:2      | Noticed Robin
   816 | D:2      | Reached XP level 3. HP: 30/33 MP: 3/3
   821 | D:2      | Killed Robin
   821 | D:2      | Reached skill level 3 in Axes
   878 | D:2      | Found a sacrificial altar of Ru.
   912 | D:2      | Found a blossoming altar of Fedhas.
  1127 | D:2      | Reached XP level 4. HP: 40/40 MP: 4/4
  1314 | D:2      | Noticed a necrophage
  1329 | D:2      | Killed a necrophage
  1329 | D:2      | Reached skill level 4 in Axes
  1329 | D:2      | Reached XP level 5. HP: 26/44 MP: 5/5
  1678 | D:3      | Found a faded altar of an unknown god.
  1721 | D:3      | Reached skill level 5 in Axes
  2036 | D:3      | Found a stormy altar of Qazlal.
  2036 | D:3      | Found an ancient bone altar of Kikubaaqudgha.
  2110 | D:3      | Reached XP level 6. HP: 45/50 MP: 6/6
  2201 | D:3      | Noticed Grinder
  2213 | D:3      | Paralysed by Grinder for 5 turns
  2808 | D:4      | Reached skill level 6 in Axes
  2867 | D:4      | Got a smoking short sword
  2868 | D:4      | Identified the cursed +0 short sword "Soret" {flame, Int+4
                  | Dex+2} (You found it on level 4 of the Dungeon)
  2945 | D:5      | Entered Level 5 of the Dungeon
  3229 | D:4      | Found a staircase to the Ecumenical Temple.
  3406 | D:4      | Reached XP level 7. HP: 36/57 MP: 7/7
  3453 | D:4      | Reached skill level 5 in Fighting
  3511 | D:4      | Lost dexterity.
  3543 | D:4      | Reached skill level 5 in Armour
  3915 | D:4      | Found a basalt altar of Yredelemnul.
  4031 | D:4      | Reached skill level 7 in Axes
  4202 | D:5      | Mangled by an ogre

Skill      XL: |  1  2  3  4  5  6  7 |
---------------+----------------------+-----
Fighting       | 4 5 |  5.3
Axes           | 3 4 5 6 7 |  7.1
Armour         | 4 5 |  5.3
Shields        | 4 |  4.9
Throwing       | |  0.7

Action                   |  1- 3 |  4- 6 |  7- 9 || total
-------------------------+-------+-------+-------++-------
Melee: War axe           |   122 |   199 |    97 ||   418
       Short sword       |       |    18 |       ||    18
Throw: Javelin           |     3 |     7 |       ||    10
       Tomahawk          |       |     6 |       ||     6
  Use: Scroll            |       |     3 |       ||     3
       Potion            |       |       |     1 ||     1
  Eat: Chunk             |     1 |     8 |     4 ||    13
Armor: Scale mail        |    83 |    99 |   166 ||   348
       Skin              |       |       |    90 ||    90
Dodge: Dodged            |    57 |    67 |    54 ||   178
Block: Shield            |    71 |   119 |    60 ||   250
